 Dungeon Crawl Stone Soup version 0.27-a0-836-gfc908b8576 (webtiles) character file.

Game seed: 5131400651659212885

47 sizableburger the Insei (level 3, -6/29 HPs)
             Began as a Demigod Transmuter on Mar 31, 2021.
             Killed from afar by Jessica (11 damage)
             ... with a puff of flame
             ... on level 2 of the Dungeon.
             The game lasted 00:03:08 (2055 turns).

sizableburger the Insei (Demigod Transmuter)        Turns: 2055, Time: 00:03:09

Health: -6/29      AC:  2    Str: 11    XL:     3   Next: 29%
Magic:  8/8        EV: 12    Int: 19    God:
Gold:   48         SH:  0    Dex: 14    Spells: 4/5 levels left

rFire    . . .     SeeInvis .     - Unarmed
rCold    . . .     Faith    .   (no shield)
rNeg     . . .     Spirit   .   a - +0 robe
rPois    .         Reflect  .   (no helmet)
rElec    .         Harm     .   (no cloak)
rCorr    .         Rampage  .   (no gloves)
Will     .....                  (no boots)
Stlth    +.........             (no amulet)
HPRegen  0.09/turn              (no ring)
MPRegen  0.11/turn              (no ring)

@: no status effects
A: high mp 1, forlorn
a: no special abilities


You were on level 2 of the Dungeon.
You visited 1 branch of the dungeon, and saw 2 of its levels.

You collected 48 gold pieces.

Inventory:

Armour
 a - a +0 robe (worn)
Jewellery
 b - a ring of willpower
Scrolls
 c - 2 scrolls of identify
 e - a scroll of magic mapping {unknown}
 f - a scroll of teleportation {unknown}
 h - a scroll of fog {unknown}
 i - a scroll of vulnerability {unknown}
Potions
 g - a potion of attraction {unknown}


   Skills:
 + Level 1.8 Fighting
 - Level 1.7 Dodging
 + Level 3.2 Unarmed Combat
 - Level 1.7 Spellcasting
 + Level 2.5 Transmutations


You had 4 spell levels left.
You knew the following spells:

 Your Spells              Type           Power      Damage    Failure   Level
a - Beastly Appendage     Tmut           22%        N/A       6%          1

Your spell library contained the following spells:

 Spells                   Type           Power      Damage    Failure   Level
 Wereblood                Tmut           11%        N/A       10%         2
 Animate Skeleton         Necr           2%         N/A       17%         1
 Apportation              Tloc           2%         N/A       17%         1
 Corona                   Hex            1%         N/A       17%         1
 Summon Small Mammal      Summ           4%         N/A       17%         1
 Spider Form              Tmut/Pois      3%         N/A       30%         3
 Ice Form                 Ice/Tmut       6%         N/A       71%         4
 Hydra Form               Tmut           5%         N/A       86%         5


Dungeon Overview and Level Annotations

Branches:
Dungeon (2/15)

Annotations:
D:2 Jessica


Innate Abilities, Weirdness & Mutations

Your attributes grow dramatically as you level up.
You have an increased reservoir of magic. (+10% MP)
You shall have no god before yourself.


Message History

You hit the endoplasm but do no damage. You headbutt the endoplasm.
You kill the endoplasm!
You start resting.
Your transformation is almost over.
You start resting.
Magic restored.
You start resting.
Your horns disappear.
Your talons disappear.
Casting: Beastly Appendage (safe; 6% risk of failure)
Confirm with . or Enter, or press ? or * to list all spells.
You grow a pair of large bovine horns.
Your feet morph into talons.
You hit the worm. You claw the worm. Your headbutt misses the worm.
The worm is moderately wounded.
You hit the worm. You headbutt the worm.
The worm is severely wounded.
The worm bites you!
* * * LOW HITPOINT WARNING * * *
Jessica shouts!
Your transformation is almost over.
As you read the scroll labelled ESEMEI AFOUCK, it crumbles to dust.
It is a scroll of identify.
d - 3 potions of curing Jessica closely misses you.
You feel better.
Jessica points at you and mumbles some strange words.
Pain shoots through your body!
* * * LOW HITPOINT WARNING * * *
You feel better. Jessica hits you with a +0 dagger!
* * * LOW HITPOINT WARNING * * *
You feel better. Jessica misses you. The worm bites you.
* * * LOW HITPOINT WARNING * * *
Okay, then.
Jessica hits you with a +0 dagger.
* * * LOW HITPOINT WARNING * * *
Jessica shouts, "You're disturbing me!
I'll have to kill you!"
Jessica mumbles some strange words.
Jessica blinks!
Your horns disappear.
Your talons disappear.
Jessica zaps a wand.
The puff of flame hits you!
You die...

##########...#.#
#.....# #..[#.#
#.....# #####.#
#.....# #.# #.....#
#.# #.....#### #.#
###......#####.# #
########.##....#
#..####.@......##.####
#.......#####@w##.#
#..###..#####..##.# #.
#.......##§w##.#
#..#.#.......@....#
#....#..####...####
#.......<......#
######.##......#
#.##)##.###


You could see a worm and Jessica.

Vanquished Creatures
  A hound skeleton (D:2)
  6 endoplasms
  2 giant cockroaches (D:1)
  5 hobgoblins
  4 jackals (D:1)
  A kobold (D:2)
  A quokka (D:1)
  3 ball pythons (D:1)
  4 bats
  A frilled lizard (D:1)
  2 rats (D:1)
30 creatures vanquished.

Notes
Turn   | Place    | Note
-------+----------+-------------------------------------------
     0 | D:1      | sizableburger the Demigod Transmuter began the quest for
                  | the Orb.
     0 | D:1      | Reached XP level 1. HP: 15/15 MP: 5/5
    36 | D:1      | Reached skill level 1 in Fighting
   382 | D:1      | Reached XP level 2. HP: 23/23 MP: 5/7
   433 | D:1      | Reached skill level 3 in Unarmed Combat
  1557 | D:2      | Noticed Jessica
  1709 | D:2      | Reached XP level 3. HP: 19/29 MP: 5/8
  2055 | D:2      | Killed from afar by Jessica

Illustrated notes

Levels and vault maps discovered:
D:1:      lightli_arrival_flooded_house, layout_basic
D:2:      layout_loops_cross, dk_vineyard_2, nemelex_spade_bored_becter,
          uniq_jessica, uniq_crazy_yiuf_cottage, uniq_natasha

Skill      XL: |  1  2 |
---------------+-------+-----
Fighting       | 1 |  1.8
Transmutations | 2 |  2.5
Unarmed Combat | 3 |  3.2
Dodging        | |  1.7
Spellcasting   | |  1.7

Action                   || total
-------------------------++-------
Melee: Unarmed           ||   105
       Headbutt          ||    10
       Kick              ||    15
 Cast: Beastly Appendage ||    14
  Use: Potion            ||     3
       Scroll            ||     1
Armor: Robe              ||    20
Dodge: Dodged            ||    78

Table legend: (Time is in decaauts)
 A = Elapsed time spent in this place.
 B = Non-inter-level travel time spent in this place.
 C = Inter-level travel time spent in this place.
 D = Time resting spent in this place.
 E = Time spent auto-exploring this place.
 F = Levels seen in this place.
 G = Mean time per level.
                   A        B        C        D        E       F      G
               +--------+--------+--------+--------+--------+-----+--------+
         Total |   2050 |   1974 |     76 |    913 |    761 |   2 | 1025.0 |
       Dungeon |   2050 |   1974 |     76 |    913 |    761 |   2 | 1025.0 |
               +--------+--------+--------+--------+--------+-----+--------+

Top non-repeatable levels by time:
     D:1: 1609 daAuts
     D:2: 441 daAuts
